 Dungeon Crawl Stone Soup version 0.28-a0-1594-ga885d4b3d6 (webtiles) character file.

Game seed: 6725972112957902066

2782 testman the Fighter (level 10, -7/78 HPs)
             Began as a Djinni Hedge Wizard on Jan 19, 2022.
             Was an Initiate of Dithmenos.
             Mangled by a two-headed ogre (24 damage)
             ... on level 7 of the Dungeon on Jan 20, 2022.
             The game lasted 00:58:41 (11803 turns).

testman the Fighter (Djinni Hedge Wizard)          Turns: 11803, Time: 00:58:42

Health: -7/78      AC:  8    Str:  9    XL:     10   Next: 1%
Gold:   307        EV: 11    Int: 19    God:    Dithmenos [......] SH:  0 Dex: 14

rFire   + + +      SeeInvis .   D - +2 short sword (speed)
rCold   . . .      Faith    .   (no shield)
rNeg    . . .      Spirit   .   a - +3 leather armour
rPois   ∞          Reflect  .   h - +0 helmet
rElec   .          Harm     .   i - scarf {rC+ rF+}
rCorr   .          Rampage  .   s - +0 pair of gloves
Will    +....                   (boots unavailable)
Stlth   ++........              (no amulet)
HPRegen 0.23/turn               (no ring)
MPRegen 0.00/turn               (no ring)

@: on blink cooldown, flying
A: sickness immunity, fire resistance 2, cold vulnerability 1, float, innate
caster, hp casting, extra vitality 1
a: Renounce Religion


You were on level 7 of the Dungeon.
You worshipped Dithmenos.
Dithmenos was noncommittal.
You visited 2 branches of the dungeon, and saw 10 of its levels.

You collected 307 gold pieces.

Inventory:

Hand Weapons
 l - a +1 dagger of protection
 D - a +2 short sword of speed (weapon)
Missiles
 d - 167 stones
 g - 9 poisoned darts
 r - 12 boomerangs
 z - 4 atropa-tipped darts
Armour
 a - a +3 leather armour (worn)
 b - a +0 robe
 c - a +0 hat
 h - a +0 helmet (worn)
 i - a scarf of resistance (worn)
 s - a +0 pair of gloves (worn)
 B - the +1 leather armour of Pothrib {rElec rN+ Str-4 Dex+3}
   (You found it on level 5 of the Dungeon)

   Str:       It affects your strength (-4).
   Dex:       It affects your dexterity (+3).
   rElec:     It insulates you from electricity.
   rN:        It protects you from negative energy.
Magical Staves
 u - a staff of earth
 x - a staff of death
Wands
 o - a wand of flame (15)
 E - a wand of mindburst (15)
Scrolls
 e - 3 scrolls of enchant armour {unknown}
 f - 2 scrolls of vulnerability {unknown}
 m - 4 scrolls of identify {unknown}
 q - 4 scrolls of noise {unknown}
 w - a scroll of brand weapon {unknown}
 y - 5 scrolls of teleportation {unknown}
 C - a scroll of summoning {unknown}
 H - a scroll of magic mapping {unknown}
Potions
 j - a potion of ambrosia {unknown}
 k - a potion of might
 n - a potion of attraction {unknown}
 p - a potion of heal wounds {unknown}
 t - 2 potions of flight {unknown}
 v - a potion of brilliance {unknown}
 A - a potion of mutation {unknown}
 F - 2 potions of curing
 G - a potion of invisibility {unknown}


   Skills:
 + Level 9.2 Fighting
 - Level 2.1 Dodging
 - Level 1.5 Stealth
 + Level 7.5 Spellcasting


You had 3 spell levels left.
You knew the following spells:

 Your Spells              Type           Power      Damage    Failure   Level
a - Magic Dart            Conj           100%       1d8       1%          1
b - Blink                 Tloc           70%        N/A       1%          2
c - Call Imp              Summ           35%        N/A       1%          2
d - Slow                  Hex            100%       N/A       1%          1
e - Conjure Flame         Conj/Fire      35%        6-21      1%          3
f - Mephitic Cloud        Conj/Pois/Air  35%        N/A       1%          3
g - Pain                  Necr           100%       1d9       1%          1
h - Poisonous Vapours     Pois/Air       70%        N/A       1%          2
i - Vampiric Draining     Necr           35%        2d8       1%          3
j - Stone Arrow           Conj/Erth      70%        3d11      1%          3
Your spell library was empty.

Dungeon Overview and Level Annotations

Branches:
Dungeon (9/15)             Temple (1/1) D:6
   Lair: D:8-11         Orc: D:9-12

Altars:
Cheibriados
Dithmenos
Hepliaklqana
Kikubaaqudgha
Makhleb
Okawaru
Qazlal
Ru
Trog
Vehumet
Xom
Zin
The Shining One


Innate Abilities, Weirdness & Mutations

You are immune to sickness and miasma.
You are immune to poison.
Your flesh is very heat resistant. (rF++)
You are vulnerable to cold. (rC-)
You float through the air rather than walking.
You learn spells naturally, not from books.
Your magical power is your life essence.
You have superior vitality. (+4 MHP)


Message History

You start resting.
A two-headed ogre is nearby!
Casting: Poisonous Vapours (safe; 1% risk of failure)
Confirm with . or Enter, or press ? or * to list all spells.
Aiming: Pain (safe; 1% risk of failure)
Press: ? - help, Shift-Dir - straight line, f/p - two-headed ogre
Aim: a two-headed ogre, wielding a +0 giant club and a +0 giant spiked club (lightly wounded, very poisoned, chance to affect: 70%)
The two-headed ogre writhes in agony.
* * * LOW HITPOINT WARNING * * *
Aiming: Stone Arrow (safe; 1% risk of failure)
Press: ? - help, Q - select action, (/) - cycle Shift-Dir - straight line, f/p - two-headed ogre
Aim: a two-headed ogre, wielding a +0 giant club and a +0 giant spiked club (lightly wounded, very poisoned, 88% to hit)
The stone arrow hits the two-headed ogre!
The two-headed ogre is moderately wounded.
* * * LOW HITPOINT WARNING * * *
Okay, then.
Aiming: Stone Arrow (safe; 1% risk of failure)
Press: ? - help, Q - select action, (/) - cycle Shift-Dir - straight line, f/p - two-headed ogre
Aim: a two-headed ogre, wielding a +0 giant club and a +0 giant spiked club (moderately wounded, very poisoned, 88% to hit)
The stone arrow hits the two-headed ogre!!
The two-headed ogre is heavily wounded.
* * * LOW HITPOINT WARNING * * *
You see here a hound corpse.
The two-headed ogre looks more healthy.
Press: ? - help, v - describe, . - travel
Here: a two-headed ogre, wielding a +0 giant club and a +0 giant spiked club (severely wounded)
The floor.
Casting: Stone Arrow (safe; 1% risk of failure)
Confirm with . or Enter, or press ? or * to list all spells.
You blink.
* * * LOW HITPOINT WARNING * * *
Aiming: Stone Arrow (safe; 1% risk of failure)
Press: ? - help, Q - select action, (/) - cycle Shift-Dir - straight line, f/p - two-headed ogre
Aim: a two-headed ogre, wielding a +0 giant club and a +0 giant spiked club (severely wounded, 88% to hit)
The stone arrow hits the two-headed ogre!
The two-headed ogre is severely wounded.
* * * LOW HITPOINT WARNING * * *
The two-headed ogre barely misses you.
The two-headed ogre hits you with a +0 giant spiked club!!
You die...

#..## #........## #...#
#.##.#.$..# #...# #.##.#..##.
#...# #.##.....# #...#
#.##.#...##.
#########...#####.##.#......
###..#.........§....†.)..###..
#...............O......#.# .
#.............[.@..###)#.#
......#####...###### #.# .
......# #...# #.# ## ......#
#...# #)# ......# #...# #.#
##.#### #...# ... ##.# #.#.#
#.# ##.# .###. ...# . ##


You could see a two-headed ogre.

Vanquished Creatures
  Pikel (D:7)
  A wyvern (D:7)
  A steam dragon (D:6)
  Menkaure (D:5)
  A water moccasin (D:7)
  An ice beast (D:6)
  2 orc warriors
  2 ogres
  A centaur (D:7)
  A lemure (D:7)
  A bullfrog (D:6)
  2 water moccasin zombies (D:5)
  2 scorpions
  A water moccasin skeleton (D:6)
  2 jellies
  4 orc priests
  3 centaur zombies
  4 hounds
  A centaur skeleton (D:6)
  A scorpion zombie (D:5)
  2 iguanas
  8 orc wizards
  A howler monkey zombie (D:6)
  4 gnolls (D:5)
  5 adders
  A white imp (D:6)
  An ufetubus (D:5)
  An adder skeleton (D:4)
  A dart slug (D:3)
  36 orcs
  9 endoplasms
  2 giant cockroaches
  8 goblins
  8 hobgoblins
  12 kobolds
  7 quokkas
  10 ball pythons
  8 bats
  4 frilled lizards (D:1)
  8 rats
169 creatures vanquished.

Notes
Turn   | Place    | Note
-------+----------+-------------------------------------------
     0 | D:1      | testman the Djinni Hedge Wizard began the quest for the
                  | Orb.
     0 | D:1      | Reached XP level 1. HP: 15/15 MP: 0/0
   603 | D:1      | Reached XP level 2. HP: 17/22 MP: 0/0
   666 | D:1      | Reached skill level 1 in Fighting
  1093 | D:1      | Found a faded altar of an unknown god.
  1260 | D:1      | Reached XP level 3. HP: 8/27 MP: 0/0
  1260 | D:1      | Learned a level 1 spell: Pain
  2443 | D:2      | Reached skill level 2 in Fighting
  2600 | D:2      | Reached XP level 4. HP: 22/33 MP: 0/0
  4023 | D:3      | Identified the +9 scale mail of Lilacs {Dex+4 Stlth+}
  4426 | D:3      | Reached skill level 3 in Fighting
  4426 | D:3      | Reached XP level 5. HP: 29/40 MP: 0/0
  4426 | D:3      | Learned a level 2 spell: Poisonous Vapours
  5317 | D:3      | HP: 2/40 [orc (2)]
  5657 | D:3      | Reached XP level 6. HP: 14/46 MP: 0/0
  6697 | D:4      | Noticed an orc warrior
  6839 | D:4      | Killed an orc warrior
  6840 | D:4      | Reached skill level 4 in Fighting
  7156 | D:4      | Reached XP level 7. HP: 24/53 MP: 0/0
  7156 | D:4      | Learned a level 3 spell: Vampiric Draining
  7525 | D:5      | Entered Level 5 of the Dungeon
  7703 | D:5      | Reached skill level 5 in Fighting
  8050 | D:5      | Identified the +4 war axe of the Revolution {freeze, *Noise
                  | *Slow rElec rF+++ MP+9}
  8078 | D:5      | Found a glowing golden altar of the Shining One.
  8150 | D:5      | Reached skill level 5 in Spellcasting
  8327 | D:5      | Reached XP level 8. HP: 47/60 MP: 0/0
  8587 | D:5      | Reached skill level 6 in Fighting
  8588 | D:5      | Identified the +1 leather armour of Pothrib {rElec rN+
                  | Str-4 Dex+3}
  8834 | D:5      | Noticed Menkaure
  8835 | D:5      | Upgraded the game from 0.28-a0-1567-g1695149f81 to
                  | 0.28-a0-1594-ga885d4b3d6
  9083 | D:5      | Killed Menkaure
  9518 | D:6      | You are sucked into a shaft and drop 3 floors!
  9530 | D:9      | Noticed a troll
 10229 | D:6      | Reached skill level 7 in Fighting
 10238 | D:7      | Reached XP level 9. HP: 45/68 MP: 0/0
 10238 | D:7      | Learned a level 3 spell: Stone Arrow
 10586 | D:6      | Reached skill level 8 in Fighting
 10894 | D:6      | Found a staircase to the Ecumenical Temple.
 10901 | Temple   | Entered the Ecumenical Temple
 11408 | Temple   | Became a worshipper of Dithmenos the Shadowed
 11518 | D:6      | Found a snail-covered altar of Cheibriados.
 11747 | D:7      | Noticed Pikel
 11752 | D:7      | Killed Pikel
 11753 | D:7      | Reached skill level 9 in Fighting
 11756 | D:7      | Reached XP level 10. HP: 40/78 MP: 0/0
 11777 | D:7      | Noticed a two-headed ogre
 11803 | D:7      | Mangled by a two-headed ogre

Illustrated notes

Levels and vault maps discovered:
D:1:      dpeg_arrival_windows_large_door, layout_loops_ring,
          hellmonk_ecumenical_altar_crossroads, serial_park_tiny_pond,
          minivault_26
D:2:      layout_basic
D:3:      layout_loops_cross, minmay_randomly_rotated_circles
D:4:      layout_basic, minmay_tree_intersection, minmay_misc_feat_chi,
          minmay_misc_feat_ornament
D:5:      layout_basic, mainiacjoe_overflow_surrounded_room,
          mainiacjoe_overflow_tiny_flanked, marbit_many_paths,
          skrybe_limestone_x, uniq_menkaure
D:6:      layout_rooms, cheibriados_altar_1, minmay_temple_entry_tees,
          minmay_strange_pillars, grunt_decor_junction,
          chequers_serial_rivers_micro_b, wad_floor_pattern_untrapped
D:7:      layout_loops_cross, kennysheep_little_box, kennysheep_generic_room_2,
          uniq_pikel
D:8:      layout_cave_pools, mainiacjoe_overflow_alcove_4, kennysheep_mini,
          lemuel_coloured_pillars_altar, ebering_ghost_inner_flame,
          minmay_lizard_king, uniq_harold, uniq_joseph, uniq_psyche
D:9:      layout_irregular_city, lemuel_round_altar,
          nicolae_yredelemnul_ghost_church, erik_orc_1, enter_bailey_5,
          nicolae_fountain_basement
Temple:   jpeg_temple_island

Skill      XL: |  1  2  3  4  5  6  7  8  9 |
---------------+----------------------------+-----
Fighting       | 1 2 3 4 5 7 9 |  9.2
Spellcasting   | 3 4 5 6 7 |  7.5
Dodging        | |  2.1
Stealth        | |  1.5

Action                   |  1- 3 |  4- 6 |  7- 9 | 10-12 || total
-------------------------+-------+-------+-------+-------++-------
Melee: Dagger            |    56 |   172 |   136 |       ||   364
       Punch             |       |     1 |     4 |       ||     5
       Staff             |       |       |    21 |       ||    21
       Short sword       |       |       |    41 |       ||    41
Throw: Dart              |       |       |     3 |       ||     3
 Cast: Magic Dart        |    39 |     5 |    28 |       ||    72
       Pain              |    33 |    80 |    40 |     3 ||   156
       Call Imp          |       |     1 |       |       ||     1
       Poisonous Vapours |       |    24 |    43 |     2 ||    69
       Mephitic Cloud    |       |     6 |     9 |       ||    15
       Conjure Flame     |       |     3 |     1 |       ||     4
       Blink             |       |     1 |     2 |     1 ||     4
       Vampiric Draining |       |       |    28 |       ||    28
       Slow              |       |       |     1 |       ||     1
       Stone Arrow       |       |       |    24 |     4 ||    28
  Use: Potion            |       |     1 |     1 |       ||     2
 Stab: Sleeping          |     1 |     1 |     2 |       ||     4
       Confused          |       |     3 |     6 |       ||     9
Armor: Robe              |     6 |     7 |       |       ||    13
       Leather armour    |       |   102 |   135 |       ||   237
Dodge: Dodged            |    32 |   105 |   129 |     1 ||   267

Table legend: (Time is in decaauts)
 A = Elapsed time spent in this place.
 B = Non-inter-level travel time spent in this place.
 C = Inter-level travel time spent in this place.
 D = Time resting spent in this place.
 E = Time spent auto-exploring this place.
 F = Levels seen in this place.
 G = Mean time per level.
                   A        B        C        D        E       F      G
               +--------+--------+--------+--------+--------+-----+--------+
         Total |  11801 |  11638 |    163 |   5305 |   4639 |  10 | 1180.1 |
       Dungeon |  11280 |  11130 |    150 |   5305 |   4181 |   9 | 1253.3 |
        Temple |    520 |    507 |     13 |      0 |    458 |   1 |  520.0 |
               +--------+--------+--------+--------+--------+-----+--------+

Top non-repeatable levels by time:
     D:1: 2330 daAuts
     D:3: 2212 daAuts
     D:4: 1804 daAuts
     D:5: 1790 daAuts
     D:2: 1386 daAuts
     D:6: 738 daAuts
     D:7: 566 daAuts
  Temple: 520 daAuts
     D:8: 310 daAuts
     D:9: 142 daAuts
